Selects Italian Coastal Battlegroup
Selects Italian Coastal Battlegroup
Construct Infanterie Kompanie
Construct Panzergrenadier Kompanie
Selects Artillery Officer
Pak 40 Anti-tank Gun Team
Selects Designate Defensive Line
Construct Panzer Kompanie
Selects Designated Artillery Overwatch